 Dungeon Crawl Stone Soup version 0.31-a0-4-gefa6de2278 (webtiles) character file.

Game seed: 148221510840783409

1152 retardedninja the Firebug (level 8, -1/58 HPs)
             Began as a Gnoll Fire Elementalist on May 4, 2023.
             Slain by a wight
             ... wielding a +0 battleaxe
              (14 damage)
             ... on level 6 of the Dungeon.
             The game lasted 00:12:45 (5292 turns).

retardedninja the Firebug (Gnoll Fire Elementalist) Turns: 5292, Time: 00:12:46

Health: -1/58      AC:  4    Str:  7    XL:     8   Next: 38%
Magic:  7/17       EV: 19    Int: 17    God:
Gold:   228        SH:  0    Dex: 13    Spells: 12/19 levels left

rFire   . . .        t - +0 executioner's axe
rCold   . . .        (shield currently unavailable)
rNeg    . . .        a - +0 robe
rPois   .            j - +0 helmet
rElec   .            (no cloak)
rCorr   .            (no gloves)
SInv    .            w - +0 pair of boots
Will    .....        e - amulet of magic regeneration
Stlth   +++          x - +5 ring of evasion
HPRegen 0.29/turn    (no ring)
MPRegen 0.55/turn

%: no passive effects
@: flying
A: fangs 1, strong nose, distributed training
a: no special abilities


You were on level 6 of the Dungeon.
You visited 1 branch of the dungeon, and saw 6 of its levels.

You collected 228 gold pieces.

Inventory:

Hand Weapons
 t - a +0 executioner's axe (weapon)
Armour
 a - a +0 robe (worn)
 j - a +0 helmet (worn)
 w - a +0 pair of boots (worn)
Jewellery
 e - an amulet of magic regeneration (around neck)
 x - a +5 ring of evasion (left hand)
 B - an amulet of regeneration
 C - a ring of positive energy
Wands
 f - a wand of mindburst (24)
Scrolls
 c - 2 scrolls of magic mapping {unknown}
 d - 2 scrolls of teleportation {unknown}
 g - a scroll of vulnerability {unknown}
 i - a scroll of amnesia {unknown}
 l - a scroll of torment {unknown}
 r - 5 scrolls of identify {unknown}
 u - a scroll of blinking {unknown}
 y - a scroll of enchant weapon {unknown}
Potions
 b - a potion of magic
 h - a potion of mutation {unknown}
 k - 2 potions of flight
 m - 2 potions of heal wounds {unknown}
 n - 2 potions of might {unknown}
 o - 2 potions of brilliance {unknown}
 p - a potion of berserk rage {unknown}
 q - 2 potions of curing
 s - 2 potions of degeneration {unknown}
 v - 2 potions of ambrosia {unknown}
 z - a potion of attraction {unknown}
 A - a potion of haste {unknown}


   Skills:
 + Level 3.3 Fighting
 + Level 3.3 Short Blades
 + Level 3.3 Long Blades
 + Level 3.3 Axes
 + Level 3.3 Maces & Flails
 + Level 3.3 Polearms
 + Level 3.3 Staves
 + Level 3.3 Ranged Weapons
 + Level 3.3 Throwing
 + Level 3.3 Armour
 + Level 5.7 Dodging
 + Level 5.4 Stealth
 + Level 3.3 Shields
 + Level 3.3 Unarmed Combat
 + Level 6.1 Spellcasting
 + Level 3.5 Conjurations
 + Level 2.7 Hexes
 + Level 2.7 Summonings
 + Level 2.7 Necromancy
 + Level 2.7 Translocations
 + Level 2.7 Transmutations
 + Level 6.1 Fire Magic
 + Level 2.7 Ice Magic
 + Level 2.7 Air Magic
 + Level 2.7 Earth Magic
 + Level 2.7 Poison Magic
 + Level 3.7 Invocations
 + Level 3.3 Evocations


You had 12 spell levels left.
You knew the following spells:

 Your Spells              Type           Power      Damage    Failure   Level
a - Foxfire               Conj/Fire      84%        2x1d8     1%          1
b - Scorch                Fire           52%        2d7       1%          2
c - Flame Wave            Conj/Fire      21%        2d8       17%         4

Your spell library contained the following spells:

 Spells                   Type           Power      Damage    Failure   Level
 Magic Dart               Conj           68%        1d6       3%          1
 Beastly Appendage        Tmut           28%        N/A       4%          1
 Searing Ray              Conj           34%        2d5       4%          2
 Static Discharge         Conj/Air       30%        2-4/arc   5%          2
 Poisonous Vapours        Pois/Air       28%        N/A       6%          2
 Wereblood                Tmut           14%        N/A       6%          2
 Inner Flame              Hex/Fire       20%        N/A       6%          3
 Volatile Blastmotes      Fire/Tloc      40%        2d13      6%          3
 Mephitic Cloud           Conj/Pois/Air  15%        N/A       11%         3
 Ozocubu's Armour         Ice            14%        N/A       12%         3
 Portal Projectile        Hex/Tloc       28%        N/A       12%         3
 Spider Form              Tmut/Pois      14%        N/A       12%         3
 Tukima's Dance           Hex            14%        N/A       12%         3
 Fulminant Prism          Conj/Hex       7%         3d7       34%         4
 Airstrike                Air            7%         2d(1-17)  38%         4
 Summon Lightning Spire   Summ/Air       14%        N/A       38%         4
 Freezing Cloud           Conj/Ice/Air   7%         6-21      71%         5
 Blade Hands              Tmut           7%         N/A       75%         5
 Yara's Violent Unravell  Hex/Tmut       7%         3d5       75%         5
 Enfeeble                 Hex            7%         N/A       100%        7
 Ozocubu's Refrigeration  Ice            7%         4d9       100%        7


Dungeon Overview and Level Annotations

Branches:
Dungeon (6/15)
 Temple: D:4-7

Altars:
Elyvilon
Fedhas
Makhleb
Uskayaw

Shops:
D:4 *

Annotations:
D:5 1 runed translucent door, Crazy Yiuf


Innate Abilities, Weirdness & Mutations

You have very sharp teeth.
Your uncanny sense of smell can sniff out nearby items.
Your experience applies equally to all skills.


Message History

The water moccasin is lightly wounded.
The water moccasin's fire resistance burns away.
The wight misses you.
Unknown command.
Casting: Scorch (safe; 1% risk of failure)
Confirm with . or Enter, or press ? or * to list all spells.
Flames lash the water moccasin.
The water moccasin is burned terribly!
The water moccasin is severely wounded.
The wight hits you with a +0 battleaxe!
You feel drained.
Aiming: Mindburst
Press: ? - help, Q - select action, (/) - cycle Shift-Dir - straight line, f - wight
Aim: a wight, wielding a +0 battleaxe and wearing a +0 robe (heavily damaged, more vulnerable to fire, chance to affect: 77%)
The wight's mind is blasted!!
You blow up the wight!
The wight is no longer more vulnerable to fire.
The water moccasin bites you!
You are poisoned.
The water moccasin poisons you! The water moccasin misses you.
Aiming: Mindburst
Press: ? - help, Q - select action, (/) - cycle Shift-Dir - straight line, f - wight
Aim: a wight, wielding a +4 short sword and wearing a +0 robe (lightly damaged, chance to affect: 77%)
The wight's mind is blasted!!
You blow up the wight!
* * * LOW HITPOINT WARNING * * *
You feel very sick. The water moccasin misses you.
Your life force feels restored.
Unknown command.
It was a potion of flight.
You feel very buoyant.
You fly up into the air.
* * * LOW HITPOINT WARNING * * *
You feel very sick. The water moccasin bites you.
* * * LOW HITPOINT WARNING * * *
The water moccasin barely misses you. The wight closely misses you.
It was a potion of curing.
You feel better. The water moccasin misses you. The wight misses you.
The wight attacks as you move away! The wight hits you with a +0 battleaxe!
You die...

#.### ......
####.### .....##
#....... ...<..#
#.###### ......#
#.# ......# #.#
$....## #.#
##z)..... #.#
∆##@#########.#
#..##S...........#
#........#######
#....######.#
...>. #.# ##.. #.#
#. #.# ## #.# #.#


You could see a water moccasin (combustible) and a wight.

Vanquished Creatures
  2 black bears (D:5)
  2 ogres (D:4)
  2 phantoms
  3 wights (D:6)
  A jelly (D:5)
  2 hounds (D:5)
  2 iguanas
  Jessica (D:2)
  An orc wizard (D:3)
  7 gnolls (D:5)
  10 adders
  2 white imps (D:5)
  2 worms
  5 dart slugs
  10 orcs
  8 endoplasms
  5 giant cockroaches
  7 goblins
  11 hobgoblins
  4 jackals (D:1)
  12 kobolds
  7 quokkas
  6 ball pythons
  6 bats
  8 frilled lizards
  7 rats
133 creatures vanquished.

Vanquished Creatures (others)
  601 foxfires
  2 fungi (D:5)
603 creatures vanquished.

Grand Total: 736 creatures vanquished

Notes
Turn   | Place    | Note
-------+----------+-------------------------------------------
     0 | D:1      | retardedninja the Gnoll Fire Elementalist began the quest
                  | for the Orb.
     0 | D:1      | Reached XP level 1. HP: 13/13 MP: 6/6
   269 | D:1      | Reached XP level 2. HP: 19/19 MP: 4/7
   664 | D:1      | Reached skill level 5 in Spellcasting
   664 | D:1      | Reached XP level 3. HP: 25/25 MP: 4/9
  1159 | D:1      | Reached skill level 1 in Invocations
  1761 | D:2      | Reached skill level 1 in Fighting
  1761 | D:2      | Reached skill level 1 in Short Blades
  1761 | D:2      | Reached skill level 1 in Long Blades
  1761 | D:2      | Reached skill level 1 in Axes
  1761 | D:2      | Reached skill level 1 in Maces & Flails
  1761 | D:2      | Reached skill level 1 in Polearms
  1761 | D:2      | Reached skill level 1 in Staves
  1761 | D:2      | Reached skill level 1 in Ranged Weapons
  1761 | D:2      | Reached skill level 1 in Throwing
  1761 | D:2      | Reached skill level 1 in Armour
  1761 | D:2      | Reached skill level 1 in Shields
  1761 | D:2      | Reached skill level 1 in Unarmed Combat
  1761 | D:2      | Reached skill level 1 in Evocations
  1814 | D:2      | Reached XP level 4. HP: 32/32 MP: 9/11
  1825 | D:2      | Reached skill level 1 in Hexes
  1825 | D:2      | Reached skill level 1 in Summonings
  1825 | D:2      | Reached skill level 1 in Necromancy
  1825 | D:2      | Reached skill level 1 in Translocations
  1825 | D:2      | Reached skill level 1 in Transmutations
  1825 | D:2      | Reached skill level 1 in Ice Magic
  1825 | D:2      | Reached skill level 1 in Air Magic
  1825 | D:2      | Reached skill level 1 in Earth Magic
  1825 | D:2      | Reached skill level 1 in Poison Magic
  1920 | D:2      | Found a blossoming altar of Fedhas.
  2109 | D:2      | Reached XP level 5. HP: 35/37 MP: 10/12
  2427 | D:2      | Noticed Jessica
  2436 | D:2      | Killed Jessica
  2456 | D:2      | Learned a level 2 spell: Scorch
  3096 | D:3      | Noticed a phantom
  3105 | D:3      | Killed a phantom
  3106 | D:3      | Reached skill level 5 in Dodging
  3106 | D:3      | Reached XP level 6. HP: 44/44 MP: 9/14
  3836 | D:4      | Found Eson's Elemental Accessories.
  3942 | D:4      | Found the +0 toga "Victory" {*Victory Clar}
  3970 | D:4      | Learned a level 4 spell: Flame Wave
  4037 | D:4      | Reached XP level 7. HP: 13/50 MP: 12/15
  4466 | D:5      | Entered Level 5 of the Dungeon
  4595 | D:5      | Reached skill level 5 in Stealth
  4879 | D:5      | Reached XP level 8. HP: 57/58 MP: 12/16
  5172 | D:5      | Found a runed translucent door.
  5173 | D:5      | Noticed Crazy Yiuf
  5218 | D:6      | Found a white marble altar of Elyvilon.
  5221 | D:6      | Found a burning altar of Makhleb.
  5241 | D:6      | Found a hide-covered altar of Uskayaw.
  5292 | D:6      | Slain by a wight

Illustrated notes

Levels and vault maps discovered:
D:1:      dpeg_arrival_tiny_c, layout_basic
D:2:      minmay_evil_eye, layout_loops_corners, basic_altar,
          minmay_quadrilaterals, uniq_jessica
D:3:      layout_basic, chequers_jeans, mrwooster_statue_mirror, minmay_circle_x
D:4:      layout_gridville, nicolae_elemental_shop
D:5:      layout_basic, uniq_crazy_yiuf_cottage
D:6:      layout_basic, grunt_temple_overflow_open, mainiacjoe_overflow_paths,
          minmay_temple_entry_wispy

Skill      XL: |  1  2  3  4  5  6  7  8 |
---------------+-------------------------+-----
Conjurations   | 2 3 |  3.5
Spellcasting   | 5 6 |  6.1
Invocations    | 1 2 3 |  3.7
Fighting       | 1 2 3 |  3.3
Short Blades   | 1 2 3 |  3.3
Long Blades    | 1 2 3 |  3.3
Axes           | 1 2 3 |  3.3
Maces & Flails | 1 2 3 |  3.3
Polearms       | 1 2 3 |  3.3
Staves         | 1 2 3 |  3.3
Ranged Weapons | 1 2 3 |  3.3
Throwing       | 1 2 3 |  3.3
Armour         | 1 2 3 |  3.3
Shields        | 1 2 3 |  3.3
Unarmed Combat | 1 2 3 |  3.3
Evocations     | 1 2 3 |  3.3
Hexes          | 1 2 |  2.7
Summonings     | 1 2 |  2.7
Necromancy     | 1 2 |  2.7
Translocations | 1 2 |  2.7
Transmutations | 1 2 |  2.7
Ice Magic      | 1 2 |  2.7
Air Magic      | 1 2 |  2.7
Earth Magic    | 1 2 |  2.7
Poison Magic   | 1 2 |  2.7
Dodging        | 5 |  5.7
Stealth        | 5 |  5.4
Fire Magic     | 6 |  6.1

Action                     |  1- 3 |  4- 6 |  7- 9 || total
---------------------------+-------+-------+-------++-------
  Melee: Unarmed           |    14 |       |       ||    14
         Bite              |     3 |       |       ||     3
         Executioner's axe |       |       |     3 ||     3
   Cast: Foxfire           |   112 |   176 |    73 ||   361
         Scorch            |       |    10 |    18 ||    28
  Evoke: Wand              |       |       |     2 ||     2
    Use: Potion            |       |       |     2 ||     2
 Armour: Robe              |    17 |     5 |     5 ||    27
  Dodge: Dodged            |    46 |    21 |    35 ||   102

Table legend: (Time is in decaauts)
 A = Elapsed time spent in this place.
 B = Non-inter-level travel time spent in this place.
 C = Inter-level travel time spent in this place.
 D = Time resting spent in this place.
 E = Time spent auto-exploring this place.
 F = Levels seen in this place.
 G = Mean time per level.
                   A        B        C        D        E       F      G
               +--------+--------+--------+--------+--------+-----+--------+
         Total |   5290 |   5103 |    187 |    216 |   3706 |   6 |  881.7 |
       Dungeon |   5290 |   5103 |    187 |    216 |   3706 |   6 |  881.7 |
               +--------+--------+--------+--------+--------+-----+--------+

Top non-repeatable levels by time:
     D:1: 1640 daAuts
     D:2: 1226 daAuts
     D:3: 826 daAuts
     D:4: 769 daAuts
     D:5: 739 daAuts
     D:6: 87 daAuts
